[Event "25th Abu Dhabi Open 2018"]
[Site "Abu Dhabi"]
[Date "2018.08.12"]
[Round "6"]
[White "Ovezdurdiyeva, Jemal"]
[Black "Sanskriti, Goyal"]
[Result "1-0"]
[ECO "A61"]
[WhiteElo "2041"]
[BlackElo "1924"]
[Annotator "NA"]
[PlyCount "59"]
[EventDate "2018.08.05"]
[EventType "swiss"]
[EventCountry "UAE"]
[SourceTitle "playchess.com"]
[Source "ChessBase"]
[SourceQuality "1"]
[TimeControl "5400+30"]

1. d4 Nf6 2. c4 c5 3. d5 e6 4. Nc3 exd5 5. cxd5 d6 6. Nf3 g6 7. Bf4 a6 8. a4 Bg7 9. h3 O-O 10. e3 Qe7 {A61: Modern Benoni: Nf3 without early e4} 11. Be2 (11. Bd3 Nbd7 12. O-O Ne8 13. e4 Rb8 14. Re1 Nc7 15. Qd2 Ne5 16. Nxe5 Bxe5 17. Bxe5 Qxe5 18. a5 {1-0 (42) Akobian,V (2647)-Ponkratov,P (2613) Riadh 2017}) 11... Nfd7 12. O-O Ne5 13. Nd2 Nbd7 14. Bh2 f5 15. Kh1 Nf6 16. Qb3 Kh8 $146 ({Predecessor:} 16... Nf7 17. Nc4 Rb8 18. a5 {1-0 (40) Erenberg,A (2375)-Oberhofer,C (2222) Pardubice 2017}) 17. Rae1 Bd7 18. e4 fxe4 19. Ndxe4 Bf5 20. Ng5 Rae8 21. Bc4 h6 22. Nf3 Qd7 23. Bxe5 dxe5 24. Nxe5 Rxe5 25. Rxe5 Bxh3 26. Re3 Bf5 27. Be2 h5 28. Qc4 Bh6 (28... Qd6 $16 {kämpft weiter.} 29. a5 Rb8) 29. Qxc5 Bxe3 $18 (29... Qd8 30. Re7 b6) 30. Qxf8+ 1-0

[Event "25th Abu Dhabi Open 2018"]
[Site "Abu Dhabi"]
[Date "2018.08.12"]
[Round "6"]
[White "Divinagracia, Alvin"]
[Black "Ali, Abdulaziz"]
[Result "1/2-1/2"]
[ECO "A00"]
[WhiteElo "2024"]
[BlackElo "1914"]
[Annotator "NA"]
[PlyCount "112"]
[EventDate "2018.08.05"]
[EventType "swiss"]
[EventCountry "UAE"]
[SourceTitle "playchess.com"]
[Source "ChessBase"]
[SourceQuality "1"]
[TimeControl "5400+30"]

1. g3 e5 2. c4 Nf6 3. Bg2 Nc6 4. Nc3 d6 5. Nf3 Bg4 6. d4 {A29: English Opening: Four Knights Variation with 4 g3} h6 (6... Qd7 7. dxe5 dxe5 8. Qxd7+ Nxd7 9. Be3 f6 10. O-O-O O-O-O 11. Nh4 Bc5 12. Bxc5 Nxc5 13. Bxc6 bxc6 14. b4 Ne6 15. f3 Bh5 16. Nf5 Kb7 {½-½ (16) Hnydiuk,A (2417)-Gumula,D (2218) Katowice 2018}) 7. O-O $146 ({Predecessor:} 7. d5 Bxf3 8. Bxf3 Nd4 9. Bg2 Nf5 10. O-O g5 11. e3 Bg7 12. Bh3 Ne7 {1-0 (61) Gruber,T (2302)-Mueller,R (2295) Germany 2004}) 7... Qd7 8. dxe5 dxe5 9. Qb3 Rb8 10. Rd1 Qc8 11. Nd5 Nd7 12. Qc3 a5 13. a3 a4 14. Be3 g6 15. Nb4 Bg7 16. h3 Be6 17. Nxc6 bxc6 18. Qc2 Qa6 19. Qd2 Nb6 20. Bc5 Nxc4 21. Qc2 Qb5 22. Bb4 c5 23. Bc3 O-O 24. g4 Rfd8 25. e3 Rd6 26. Bf1 Qc6 27. Bg2 Qb6 28. Qxa4 Nxb2 29. Bxb2 Rxd1+ 30. Qxd1 Qxb2 31. Ne1 {[#]} e4 $1 32. Rc1 Bb3 33. Nc2 Qe5 34. Qd2 Qe7 35. Na1 c4 36. Nxb3 cxb3 37. Qd5 Qxa3 38. Rxc7 Rf8 39. Bxe4 b2 40. Rb7 Kh8 41. Kg2 Qa8 42. Qd7 Qe8 43. Qxe8 Rxe8 44. Bb1 Rc8 45. h4 Kg8 46. h5 g5 47. Ba2 Rf8 48. f4 Bf6 49. Kf3 Kg7 50. e4 gxf4 51. Kxf4 Bg5+ 52. Kf5 Ra8 53. Rxf7+ Kh8 54. Bb1 Ra1 55. Kg6 $11 Ra6+ 56. Kf5 Ra1 {Kf4} 1/2-1/2

[Event "25th Abu Dhabi Open 2018"]
[Site "Abu Dhabi"]
[Date "2018.08.12"]
[Round "6"]
[White "Gandhi, Anish"]
[Black "Loay, Sameer"]
[Result "0-1"]
[ECO "B06"]
[WhiteElo "2016"]
[BlackElo "2043"]
[Annotator "NA"]
[PlyCount "108"]
[EventDate "2018.08.05"]
[EventType "swiss"]
[EventCountry "UAE"]
[SourceTitle "playchess.com"]
[Source "ChessBase"]
[SourceQuality "1"]
[TimeControl "5400+30"]

1. e4 d6 2. d4 g6 3. Nc3 Bg7 4. Bg5 c5 5. d5 {B06: Modern Defence} (5. dxc5 Qa5 6. Qd2 Qxc5 7. Nd5 Be6 8. Be3 Qc8 9. Bd4 f6 10. Nf3 Nc6 11. Be3 Bf7 12. Be2 h5 13. O-O-O Bh6 14. Kb1 Kf8 {1-0 (31) Nisipeanu,L (2683)-Kalinitschew,S (2426) Apolda 2017}) 5... Bxc3+ 6. bxc3 Nf6 $146 ({Predecessor:} 6... Qa5 7. Nf3 Nd7 8. Bd3 f6 9. Bd2 Ne5 10. Be2 Nxf3+ 11. gxf3 f5 12. Rb1 a6 {1-0 (35) Jurlina,R (2130)-Geiger,W Germany 1998}) 7. Qd3 Nbd7 8. Nf3 Qa5 9. Bd2 Qa4 10. c4 b5 11. Qc3 O-O 12. Bh6 Re8 13. Be2 Qb4 14. Qxb4 cxb4 15. Nd2 bxc4 16. Bxc4 Nc5 17. f3 Bd7 18. O-O Rec8 19. h3 Ba4 20. Rac1 Rab8 21. c3 Nfd7 22. cxb4 Rxb4 23. Rb1 Rcb8 24. Rxb4 Rxb4 25. Rb1 Rxb1+ 26. Nxb1 Nb6 27. Be2 f5 28. Nc3 fxe4 29. fxe4 Bc2 30. Bf3 Nc4 31. Kf2 Kf7 32. Bg5 a5 33. Be2 Ne5 34. Ke3 Na4 35. Nxa4 Bxa4 36. Kd4 Bc2 37. a3 a4 38. Bb5 Kf8 39. Bf4 Nf7 40. Bd3 Bd1 41. Kc3 Kg7 42. Kb4 Kf6 43. Bb5 Bc2 44. Bxa4 Bxe4 45. Bb3 Bxg2 46. h4 $1 Ne5 47. Bg5+ Kf7 48. a4 Bf1 49. a5 Ke8 $11 50. Ba4+ Kd8 51. Bb5 Bxb5 52. Kxb5 Nf3 53. Kb6 Nxg5 54. hxg5 Kc8 0-1

[Event "25th Abu Dhabi Open 2018"]
[Site "Abu Dhabi"]
[Date "2018.08.12"]
[Round "6"]
[White "Al Saleh, Mohammad"]
[Black "Soham, Datar"]
[Result "1/2-1/2"]
[ECO "B90"]
[WhiteElo "2012"]
[BlackElo "2030"]
[Annotator "NA"]
[PlyCount "102"]
[EventDate "2018.08.05"]
[EventType "swiss"]
[EventCountry "UAE"]
[SourceTitle "playchess.com"]
[Source "ChessBase"]
[SourceQuality "1"]
[TimeControl "5400+30"]

1. e4 c5 2. Nf3 d6 3. d4 cxd4 4. Nxd4 Nf6 5. Nc3 a6 6. f3 e5 7. Nb3 Be6 8. Be3 Nbd7 9. Qd2 b5 10. O-O-O Rc8 {[%emt 0:00:29] B90: Sizilianisch (Najdorf-Variante, Abweichungen)} (10... h5 11. Nd5 Rc8 12. Qa5 Nxd5 13. exd5 Bf5 14. Bd3 Qxa5 15. Nxa5 g6 16. Kb1 Bh6 17. Bf2 Nf6 18. Rhe1 Bxd3 19. Rxd3 {½-½ (31) Brkic,A (2590)-Jakovenko,D (2746) Batumi 2018}) 11. Kb1 h5 12. Nd5 Bxd5 13. exd5 Nb6 14. Bxb6 Qxb6 15. Na5 Nxd5 16. Qxd5 Qxa5 17. Bd3 Qc7 18. Bf5 $146 ({Vorgänger:} 18. Rhe1 Be7 {0-1 (55) Costello,A (1897)-Asaria,D (2023) Irvine 2016}) 18... Rd8 19. Rhe1 Be7 20. c3 g6 21. Bc2 Kf8 22. Bb3 Bf6 23. Re4 Kg7 24. f4 Rhf8 25. Rf1 Rd7 26. Rd1 Rfd8 27. Rd3 Qa7 28. Rd1 Qf2 29. fxe5 Bxe5 30. Ree1 Qh4 31. h3 Qe7 32. a3 a5 33. g4 h4 34. Re4 f6 35. Bc2 Rb8 36. g5 Rc7 37. gxf6+ Qxf6 38. Rg4 b4 39. axb4 axb4 40. Rxg6+ Qxg6 41. Bxg6 bxc3 {[%emt 0:01:14] [#]} 42. b3 $1 ({Worse is} 42. Rg1 Rxb2+ 43. Kc1 Bf4+ 44. Kd1 Rd2+ 45. Qxd2 Bxd2 $17) 42... Kxg6 43. Qe6+ Kh7 44. Kc2 Rg7 $14 (44... Rf8 $5 45. Qg4 Rf2+ 46. Kd3 Bg3 $11) 45. Qf5+ Kg8 46. Qe6+ Kh7 47. Qf5+ Kg8 48. Qe6+ Kh8 49. Qh6+ Rh7 50. Qe6 Rf8 51. Rxd6 Rf2+ 1/2-1/2

[Event "25th Abu Dhabi Open 2018"]
[Site "Abu Dhabi"]
[Date "2018.08.12"]
[Round "6"]
[White "Ahmad, Al Romaithi"]
[Black "Laabi Chian, Majid"]
[Result "0-1"]
[ECO "B09"]
[WhiteElo "1931"]
[BlackElo "2013"]
[Annotator "NA"]
[PlyCount "90"]
[EventDate "2018.08.05"]
[EventType "swiss"]
[EventCountry "UAE"]
[SourceTitle "playchess.com"]
[Source "ChessBase"]
[SourceQuality "1"]
[TimeControl "5400+30"]

1. e4 d6 2. d4 Nf6 3. Nc3 g6 4. f4 c6 5. Nf3 Bg7 6. Be2 O-O 7. O-O b5 8. a3 a5 9. e5 Nfd7 10. Qe1 Nb6 11. Ne4 f6 12. b3 a4 13. exd6 exd6 14. Qb4 Re8 15. Bd3 Bf8 16. Qe1 Bg7 17. Qg3 Bf5 18. Nf2 Bxd3 19. Nxd3 f5 20. Bb2 N8d7 21. Rfe1 Nf6 22. Nd2 Qd7 23. Qf3 axb3 24. cxb3 Nbd5 25. h3 h5 26. g3 Qa7 27. Kh2 Qf7 28. Rac1 Qd7 29. b4 Kf7 30. Nf2 Bh6 31. h4 Rxe1 32. Rxe1 Re8 33. Qd1 Re6 34. Nf3 Qe8 35. Rxe6 Qxe6 36. Qe1 Ne3 37. Ne5+ dxe5 38. Qxe3 exf4 39. Qxe6+ Kxe6 40. Nd3 Ng4+ 41. Kg2 fxg3 42. Kxg3 Kd5 43. Ne5 Nxe5 44. dxe5 Bd2 45. Kf2 Bf4 0-1

[Event "25th Abu Dhabi Open 2018"]
[Site "Abu Dhabi"]
[Date "2018.08.12"]
[Round "6"]
[White "Rafee, Mohd Hayel"]
[Black "Molina, Antonio"]
[Result "1/2-1/2"]
[ECO "B97"]
[WhiteElo "1878"]
[BlackElo "1992"]
[Annotator "NA"]
[PlyCount "153"]
[EventDate "2018.08.05"]
[EventType "swiss"]
[EventCountry "UAE"]
[SourceTitle "playchess.com"]
[Source "ChessBase"]
[SourceQuality "1"]
[TimeControl "5400+30"]

1. e4 c5 2. Nf3 d6 3. d4 cxd4 4. Nxd4 Nf6 5. Nc3 a6 6. Bg5 e6 7. f4 Qb6 8. Bxf6 gxf6 9. Qd2 Qxb2 10. Rb1 Qa3 11. f5 Nc6 12. Nxc6 bxc6 13. fxe6 Bxe6 14. Be2 Bh6 15. Qxh6 Qxc3+ 16. Kf2 Qd4+ 17. Qe3 Qxe3+ 18. Kxe3 Bxa2 19. Rb6 Kd7 20. Rb7+ Kc8 21. Rb2 Be6 22. Rhb1 Rd8 23. Rb6 Kc7 24. Bxa6 Rdb8 25. Rxb8 Rxb8 26. Rxb8 Kxb8 27. Kf4 Kc7 28. Be2 Kb6 29. h4 Ka5 30. Bg4 Kb4 31. Bf5 h6 32. Kg4 Kc3 33. Kh5 Bxf5 34. exf5 Kxc2 35. Kxh6 d5 36. Kg7 d4 37. h5 d3 38. h6 d2 39. h7 d1=Q 40. h8=Q Qg4+ 41. Kxf7 Qxf5 42. Qa8 c5 43. Qa4+ Kc3 44. g4 Qg5 45. Qa1+ Kd3 46. Qf1+ Ke4 47. Qc4+ Kf3 48. Qf1+ Kxg4 49. Qg1+ Kf3 50. Qf1+ Ke3 51. Qc1+ Kd4 52. Qb2+ Kc4 53. Qe2+ Kd5 54. Qd3+ Ke5 55. Qc3+ Kd6 56. Qa3 Qe5 57. Qa6+ Kd5 58. Qd3+ Qd4 59. Qb5 f5 60. Qd7+ Ke4 61. Qe6+ Qe5 62. Qc4+ Ke3 63. Qc1+ Kd3 64. Qd1+ Ke4 65. Qe2+ Kd5 66. Qd3+ Kc6 67. Qa6+ Kd7 68. Qb7+ Qc7 69. Qd5+ Kc8+ 70. Ke6 Kb8 71. Kxf5 c4 72. Qb5+ Ka7 73. Qa4+ Kb6 74. Qb4+ Ka6 75. Ke4 c3 76. Kd3 c2 77. Qa4+ 1/2-1/2

[Event "25th Abu Dhabi Open 2018"]
[Site "Abu Dhabi"]
[Date "2018.08.12"]
[Round "6"]
[White "Nadeem, Aziz"]
[Black "Masrahi, Abdulrahman A"]
[Result "1/2-1/2"]
[ECO "D02"]
[WhiteElo "1789"]
[BlackElo "1976"]
[Annotator "NA"]
[PlyCount "90"]
[EventDate "2018.08.05"]
[EventType "swiss"]
[EventCountry "UAE"]
[SourceTitle "playchess.com"]
[Source "ChessBase"]
[SourceQuality "1"]
[TimeControl "5400+30"]

1. d4 d5 2. Nf3 Nf6 3. g3 Bf5 4. Bg2 e6 5. O-O h6 6. b3 Bd6 7. Bb2 O-O 8. Nbd2 c5 9. e3 Nc6 10. a3 Qe7 11. c4 cxd4 12. exd4 a5 13. Re1 Qd8 14. Ne5 Qb8 15. Rc1 Rc8 16. h3 Qa7 17. Nxc6 Rxc6 18. c5 Be7 19. b4 axb4 20. axb4 Ra6 21. b5 Ra2 22. b6 Qb8 23. Qb3 R2a4 24. Ra1 Qe8 25. Bf1 Rxa1 26. Rxa1 Rxa1 27. Bxa1 Qa8 28. Bb2 e5 29. Nf3 exd4 30. Bxd4 Qc8 31. Bxf6 gxf6 32. Qxd5 Bxc5 33. Nd4 Bg6 34. Nb5 Bxb6 35. Nd6 Qe6 36. Qxe6 fxe6 37. Bg2 Kf8 38. Bxb7 Bc7 39. Ne4 Ke7 40. Nd2 e5 41. g4 Bd3 42. Be4 Bb5 43. Kg2 Be8 44. Nf1 h5 45. Ng3 hxg4 1/2-1/2

[Event "25th Abu Dhabi Open 2018"]
[Site "Abu Dhabi"]
[Date "2018.08.13"]
[Round "7"]
[White "Ammar, Sedrani"]
[Black "Ali, Abdulaziz"]
[Result "1-0"]
[ECO "A45"]
[WhiteElo "2109"]
[BlackElo "1914"]
[Annotator "NA"]
[PlyCount "31"]
[EventDate "2018.08.05"]
[EventType "swiss"]
[EventCountry "UAE"]
[SourceTitle "playchess.com"]
[Source "ChessBase"]
[SourceQuality "1"]
[TimeControl "5400+30"]

1. d4 Nf6 2. Bg5 c5 3. e3 cxd4 4. exd4 e6 5. c3 b6 6. Nd2 Bb7 7. Ngf3 Be7 8. Bd3 O-O 9. Bxf6 Bxf6 10. h4 d6 11. Qc2 g6 12. h5 Re8 13. hxg6 hxg6 14. Bxg6 fxg6 15. Qxg6+ Bg7 16. Ng5 1-0

[Event "25th Abu Dhabi Open 2018"]
[Site "Abu Dhabi"]
[Date "2018.08.13"]
[Round "7"]
[White "Hallaeva, Bahar"]
[Black "Al Saleh, Mohammad"]
[Result "1/2-1/2"]
[ECO "B24"]
[WhiteElo "2098"]
[BlackElo "2012"]
[Annotator "NA RC"]
[PlyCount "110"]
[EventDate "2018.08.05"]
[EventType "swiss"]
[EventCountry "UAE"]
[SourceTitle "playchess.com"]
[Source "ChessBase"]
[SourceQuality "1"]
[TimeControl "5400+30"]

1. e4 c5 2. Nc3 Nc6 3. Bb5 g6 4. Bxc6 dxc6 5. d3 Bg7 6. Be3 b6 7. Qd2 e5 {B23: Closed Sicilian: Lines without g3} 8. Nge2 Nf6 9. h3 O-O 10. Bh6 Ne8 11. O-O-O a5 $146 ({Predecessor:} 11... Bxh6 12. Qxh6 Nc7 13. g3 a5 14. f4 a4 15. f5 {1-0 (59) Nakar,E (2268)-Van Assendelft,F (2376) Hoogeveen 2011}) 12. Bxg7 Nxg7 13. f4 Qe7 14. Rdf1 a4 15. g4 exf4 16. Qxf4 f6 17. h4 Ne6 18. Qh6 b5 19. Kb1 b4 20. Nd1 b3 21. Qd2 c4 22. dxc4 Nc5 23. Ng3 Bxg4 24. Ne3 Be6 25. h5 g5 26. h6 a3 27. cxb3 axb2 28. Qxb2 {[#]} Qa7 $1 29. Rh2 {[#]} Nxb3 $1 30. Rxf6 {[#]} ({Avoid the trap} 30. Qxb3 $2 Rfb8 $19) 30... Nd4 (30... Nd2+ $1 $17 31. Kc1 (31. Qxd2 Rxf6) 31... Rfb8) 31. Rxf8+ Rxf8 32. Qc3 (32. Kc1 $1 $11 {keeps the balance.}) 32... Qb8+ (32... Rf3 $17 33. c5 Qa4) 33. Rb2 Qe5 34. Nc2 c5 35. Rb7 Rf3 (35... Rf7 $5 36. Rb5 Rd7 $11) 36. Qa5 $1 Kh8 $2 (36... Nc6 $11 37. Qa4 Nd8 38. Rg7+ Kf8) 37. Qa8+ (37. Qd8+ $142 Bg8 38. Rg7 Qxg7 39. hxg7+ Kxg7 40. Qxg5+ Kf7 41. Nxd4 cxd4 42. Qh5+ Ke6 43. Qxf3) 37... Bg8 38. Rb8 $2 Qe6 39. Qa7 $2 ({Only move:} 39. Nxd4 $18 cxd4 40. Qd5 Qxd5 41. exd5) 39... Qe5 {[#]} (39... Qxh6 $16 {was necessary.} 40. Nxd4 Rxg3 41. Rxg8+ Kxg8 42. Qb8+ Kf7 43. Qb7+ (43. Qxg3 cxd4 44. Qc7+ Kg6 $11) 43... Kg6 44. Qc6+ Kh5 45. Qxh6+ Kxh6 46. Nf5+ Kg6) 40. Qa8 (40. Re8 $1 $18 Nc6 (40... Qxe8 41. Qg7#) 41. Rxe5 Nxa7 42. Nf5 (42. Rxg5 Nc8 $18)) 40... Qe6 41. Qa7 Qf6 {[#]} 42. Nxd4 $2 (42. Nh5 $1 $18 Qxh6 43. Qxc5) 42... Qxd4 {[#]} 43. Qg7+ $1 Qxg7 44. hxg7+ Kxg7 45. Nf5+ Rxf5 46. exf5 Bxc4 47. Rb7+ Kf6 48. Rxh7 g4 49. Rh6+ Kxf5 50. Rh5+ Kf4 51. Rxc5 Bxa2+ 52. Kxa2 g3 53. Rc4+ Kf3 $11 54. Rc3+ Kf2 55. Rxg3 Kxg3 1/2-1/2

[Event "25th Abu Dhabi Open 2018"]
[Site "Abu Dhabi"]
[Date "2018.08.13"]
[Round "7"]
[White "Loay, Sameer"]
[Black "Ovezdurdiyeva, Jemal"]
[Result "1/2-1/2"]
[ECO "A05"]
[WhiteElo "2043"]
[BlackElo "2041"]
[Annotator "NA RC"]
[PlyCount "124"]
[EventDate "2018.08.05"]
[EventType "swiss"]
[EventCountry "UAE"]
[SourceTitle "playchess.com"]
[Source "ChessBase"]
[SourceQuality "1"]
[TimeControl "5400+30"]

1. Nf3 Nf6 2. g3 g6 3. Bg2 Bg7 4. O-O O-O 5. d3 d5 6. Nbd2 c5 7. e4 Nc6 8. Re1 dxe4 9. dxe4 e5 10. c3 {[%emt 0:07:01] A08: King's Indian Attack} h6 11. Qe2 Be6 12. Nc4 Qc7 13. a4 a6 $146 ({Predecessor:} 13... Rfd8 14. Nfd2 b6 15. h3 Rab8 16. Nf1 Qd7 17. Kh2 Qd3 18. Qxd3 Rxd3 {½-½ (32) Movsziszian,K (2502)-Oliva Castaneda,K (2499) Sabadell 2016}) 14. Nfd2 b6 15. Ne3 Rfd8 16. Ndc4 Rab8 17. Nd5 Nxd5 18. exd5 Bxd5 19. Bxd5 Rxd5 20. Ne3 Rd7 21. Qxa6 Na5 22. Nc4 f5 23. Nxa5 bxa5 24. Qxg6 f4 25. Qe4 Rf7 26. Bd2 Rxb2 27. Rad1 c4 28. Bc1 Rb8 29. Rd5 Rbf8 30. Ba3 Re8 (30... Rd8 $16 31. Bc5 Rfd7 32. Rxd7 Qxd7) 31. Bc5 (31. gxf4 $18 {is more deadly.} Rxf4 {[#]} 32. Qxf4 $1 exf4 33. Rxe8+ Kh7 34. Re7) 31... Qc8 32. f3 (32. Qxc4 $16 Qh3 33. Qf1 Qxf1+ 34. Kxf1) 32... fxg3 33. hxg3 Qh3 34. Bf2 $1 Ref8 35. Re3 Qc8 (35... Rf5 $16) 36. Rxa5 Rf5 37. Kg2 Rh5 $2 (37... R5f7 38. Rb5 Kh8) 38. g4 Rg5 39. Bh4 Qd8 40. Qxc4+ Kh8 41. Bxg5 Qxa5 42. Be7 Rf4 43. Re4 Rxe4 44. fxe4 ({Less strong is} 44. Qxe4 Qxc3 45. Bh4 Qa5 $18) 44... Qa7 45. Bc5 Qd7 46. Kg3 (46. a5 $142) 46... Qd1 (46... Qd2 $16 47. Bf2 Qf4+ 48. Kg2 Qxg4+ 49. Bg3 Bf6) 47. Bf2 Bf6 48. a5 Qh1 {[%emt 0:00:10] [#]} (48... Bg5 {is a better defense.} 49. Qc8+ Kg7) 49. Qc8+ $1 Kg7 {[%emt 0:00:05] [#]} 50. Qd7+ $1 Kg8 $1 51. Qe8+ $2 (51. Qd5+ $18 Kh8 {[#]} 52. g5 $1 hxg5 53. Qd3) 51... Kg7 52. Qd7+ Kg8 53. Qe8+ $11 Kg7 54. Qd7+ Kg8 55. Qc8+ Kg7 56. Qd7+ Kg8 57. Qe8+ Kg7 {[%emt 0:00:03] [#]} 58. g5 $1 $18 hxg5 (58... Bxg5 59. Qxe5+ Bf6 60. Qc7+ Kg6 61. Qf4) 59. Qd7+ Kg6 60. Qf5+ Kg7 61. Qg4 $2 (61. a6) 61... Qa1 62. Qd7+ Kg6 1/2-1/2

[Event "25th Abu Dhabi Open 2018"]
[Site "Abu Dhabi"]
[Date "2018.08.13"]
[Round "7"]
[White "Soham, Datar"]
[Black "Umbetov, Kazybek"]
[Result "1/2-1/2"]
[ECO "A04"]
[WhiteElo "2030"]
[BlackElo "2055"]
[Annotator "NA"]
[PlyCount "97"]
[EventDate "2018.08.05"]
[EventType "swiss"]
[EventCountry "UAE"]
[SourceTitle "playchess.com"]
[Source "ChessBase"]
[SourceQuality "1"]
[TimeControl "5400+30"]

1. Nf3 f5 2. c4 Nf6 3. g3 g6 4. Bg2 Bg7 5. Nc3 O-O 6. d3 d6 7. Rb1 c6 8. O-O Qc7 {[%emt 0:01:13] A10: English Opening: Unusual Replies for Black} (8... a5 9. a3 e5 10. b4 axb4 11. axb4 Nbd7 12. Bb2 Qe7 13. Nd2 Bh6 14. e3 f4 15. exf4 exf4 16. Re1 Qf7 17. Nde4 Ne8 {1-0 (45) Hickl,J (2556)-Gaehler,M (2341) Switzerland 2017}) 9. b4 a6 $146 ({Predecessor:} 9... e5 10. Ne1 Be6 11. b5 f4 12. Qb3 Rf7 13. a4 Qd7 {½-½ (41) Thompson,R (1905)-Fathallah,J (1919) Treforest 2010}) 10. a4 e5 11. Qb3 h6 12. Ba3 Be6 13. b5 axb5 14. axb5 Nbd7 15. Rfc1 c5 16. b6 Qb8 17. Nb5 Ra6 18. d4 Rxb6 19. dxc5 dxc5 20. Ne1 e4 21. Nc2 Ng4 22. Ne3 Nxe3 23. Qxe3 Rc8 24. Kh1 Kh7 25. f3 exf3 26. exf3 f4 27. Qf2 fxg3 28. hxg3 Ne5 29. Bf1 Bf5 30. Rb3 Rf6 31. Re1 Re8 32. Rbe3 b6 33. Qh2 Rff8 $2 (33... Bd7 $19 34. Bb2 Rxf3 35. Bxe5 Rxe3 36. Rxe3 Rxe5 37. Rxe5 Qxe5) 34. g4 $2 (34. Bb2 $17 {only move.}) 34... Bd7 35. Bb2 Nc6 $2 ({Worse is} 35... Nxf3 36. Qxb8 Nxe1 37. Rxe8 $16) (35... Rxf3 $19 36. Bxe5 Bxe5 37. Rxe5 Rxe5 38. Qxe5 Rxf1+ 39. Kg2 Qxe5 40. Rxe5 Rd1) 36. Qd2 $2 (36. Qxb8 $14 Nxb8 37. Re7) 36... Rxe3 37. Qxd7 {[%emt 0:02:44] [#]} (37. Rxe3 $17 {war einen Versuch wert.} Bxg4 38. Bxg7 Kxg7 39. fxg4 Rxf1+ 40. Kg2) 37... Ne5 $2 (37... Re5 $1 $19 38. Nc7 (38. Bxe5 Nxe5) 38... Rxf3) 38. Qxg7+ $1 Kxg7 39. Rxe3 Re8 40. Rxe5 $2 (40. f4 $11 {und Weiss muss sich keine Sorgen machen.}) 40... Rxe5 41. f4 Qa8+ 42. Bg2 Qa4 43. Bxe5+ Kh7 44. Nd6 (44. Bd5 $17) 44... Qd1+ 45. Kh2 Qxg4 46. Ne8 (46. Be4 {keeps fighting.}) 46... Qh4+ $2 47. Kg1 Qe1+ 48. Kh2 Qh4+ $11 ({Better is} 48... g5 $19 49. Be4+ Kg8 50. Nf6+ Kf8) 49. Kg1 $1 1/2-1/2

[Event "25th Abu Dhabi Open 2018"]
[Site "Abu Dhabi"]
[Date "2018.08.13"]
[Round "7"]
[White "Abucejo, Armel N"]
[Black "Rafee, Mohd Hayel"]
[Result "1-0"]
[ECO "A05"]
[WhiteElo "2020"]
[BlackElo "1878"]
[Annotator "NA RC"]
[PlyCount "93"]
[EventDate "2018.08.05"]
[EventType "swiss"]
[EventCountry "UAE"]
[SourceTitle "playchess.com"]
[Source "ChessBase"]
[SourceQuality "1"]
[TimeControl "5400+30"]

1. Nf3 Nf6 2. c4 e6 3. g3 c5 4. Bg2 Nc6 5. O-O Be7 6. d4 cxd4 7. Nxd4 O-O 8. Nc3 Ne5 9. b3 {[%emt 0:01:19] A33: Symmetrical English: 2 Nf3 Nf6 3 d4 cxd4 4 Nxd4 e6 5 Nc3 Nc6} d6 (9... a6 10. Bb2 d6 11. Qd2 Qc7 12. Rac1 Bd7 13. h3 Rac8 14. Rfd1 Rfd8 15. f4 Ng6 16. e3 Qb8 {½-½ (55) Timman,J (2565)-Smeets,J (2598) Amstelveen 2016}) 10. Bb2 Rb8 11. Rc1 a6 12. h3 $146 ({Predecessor:} 12. e4 Bd7 13. Qe2 Qa5 14. a4 Rfe8 15. Rfd1 Nc6 16. Nf3 Rbd8 {1-0 (41) Ivanov,M (2465)-Hitzgerova,G (2174) Crailsheim 2000}) 12... Qc7 13. e4 b6 14. Qe2 Bb7 15. Rfd1 Rbd8 16. f4 Nc6 17. Nc2 Qb8 18. g4 Ne8 19. Ne3 Nc7 20. Kh1 Rd7 21. Qf2 Rfd8 22. g5 b5 23. cxb5 Nxb5 24. Ng4 Nxc3 25. Bxc3 e5 26. Qh4 Kh8 27. f5 Bf8 28. g6 fxg6 29. fxg6 h6 30. Qh5 Kg8 31. Rf1 Re7 32. Bd2 Rdd7 33. Bg5 Re6 34. Rf2 Re8 (34... Qe8 $18 35. Rcf1 Be7) 35. Rf7 Ree7 36. Bxe7 Rxe7 37. Rcf1 Rxf7 38. gxf7+ (38. Rxf7 $142 Qd8 39. Rxb7) 38... Kh7 39. Qf5+ Kh8 40. Qd7 Ne7 41. Rc1 Ng6 42. Rc7 Ba8 43. Rc8 Qb4 {[%emt 0:00:20] [#]} 44. Rxa8 $18 (44. Rxf8+ $142 $1 Nxf8 45. Qe7 Kh7 46. Qxf8 Bxe4 47. Qg8+ Kg6 48. f8=Q Bxg2+ 49. Kxg2 Qd2+ 50. Nf2 Qg5+ 51. Kf3) 44... Qe1+ 45. Kh2 Qd2 46. Qf5 Qf4+ 47. Qxf4 1-0

[Event "25th Abu Dhabi Open 2018"]
[Site "Abu Dhabi"]
[Date "2018.08.13"]
[Round "7"]
[White "Laabi Chian, Majid"]
[Black "Sameir, Ramez"]
[Result "1/2-1/2"]
[ECO "D00"]
[WhiteElo "2013"]
[BlackElo "2000"]
[Annotator "NA RC"]
[PlyCount "75"]
[EventDate "2018.08.05"]
[EventType "swiss"]
[EventCountry "UAE"]
[SourceTitle "playchess.com"]
[Source "ChessBase"]
[SourceQuality "1"]
[TimeControl "5400+30"]

1. d4 d5 2. Bf4 Nf6 3. e3 c5 4. c3 Nc6 5. Bd3 {[%emt 0:03:22] D00: 1 d4 d5: Unusual lines} (5. Nd2 Bf5 6. Qb3 Qc8 7. Ngf3 c4 8. Qd1 b5 9. Be2 h6 10. Ne5 e6 11. O-O Nxe5 12. Bxe5 Be7 {½-½ (37) Nisipeanu,L (2682)-Ragger,M (2666) Graz 2018}) 5... Qb6 6. Qc1 Nh5 7. Bg3 Nxg3 8. hxg3 e5 9. dxc5 $146 ({Predecessor:} 9. dxe5 Nxe5 10. Bc2 Bg4 11. Nd2 Qa6 12. Ndf3 Bd6 {½-½ (51) Sharafiev,A (2319)-Seliverstov,V (2239) Penza 2006}) 9... Bxc5 10. b4 Be7 11. Nd2 Be6 12. a3 Rc8 13. Qd1 e4 14. Be2 Bf6 15. Rc1 Ne5 16. c4 dxc4 17. Nxe4 Be7 18. Nf3 Rd8 19. Nd4 a5 20. Qa4+ Bd7 21. b5 Nd3+ 22. Bxd3 cxd3 23. O-O O-O 24. Qb3 Qg6 25. Nc5 d2 26. Rc3 {[%emt 0:00:52] [#]} (26. Rc4 $1 $15) 26... Bg4 $1 27. f3 {[%emt 0:00:26] [#]} Bxf3 (27... a4 $1 $17 28. Qxa4 {[#]} Bxf3 $1 29. Nxf3 Bxc5 30. Nxd2 Bb6) 28. Rxf3 Bxc5 $2 (28... Rc8 $1 $11 29. Na4 Bxa3) 29. Rxc5 Rc8 30. Rff5 $2 ({Weiss kommt nicht vorbei an} 30. Rxc8 $18 Rxc8 31. Rf1) 30... Qxg3 $2 {[%emt 0:00:22] [#]} (30... Rxc5 $17 31. Rxc5 Qxg3) 31. Nf3 $2 (31. Qxf7+ $1 {[%mdl 512] setzt Matt} Rxf7 32. Rxc8+ Rf8 33. Rfxf8#) 31... Rxc5 32. Rxc5 Qe1+ $1 33. Nxe1 dxe1=Q+ 34. Kh2 Qh4+ (34... g6 $17 35. Rc7 Qh4+ 36. Kg1 Qe1+ 37. Kh2 b6) 35. Kg1 Qe1+ ({Better is} 35... h6 $17 36. Qc3 a4) 36. Kh2 Qh4+ $11 37. Kg1 Qe1+ 38. Kh2 1/2-1/2

[Event "25th Abu Dhabi Open 2018"]
[Site "Abu Dhabi"]
[Date "2018.08.13"]
[Round "7"]
[White "Mahitosh, Dey"]
[Black "Saif, Malek"]
[Result "1-0"]
[ECO "C45"]
[WhiteElo "1887"]
[BlackElo "2024"]
[Annotator "NA"]
[PlyCount "87"]
[EventDate "2018.08.05"]
[EventType "swiss"]
[EventCountry "UAE"]
[SourceTitle "playchess.com"]
[Source "ChessBase"]
[SourceQuality "1"]
[TimeControl "5400+30"]

1. e4 e5 2. Nf3 Nc6 3. d4 exd4 4. Nxd4 Bc5 5. Nb3 Bb6 6. Nc3 d6 7. Qe2 Be6 8. Be3 Nf6 9. O-O-O Qe7 10. f3 O-O-O 11. Bxb6 axb6 12. Nd4 Bd7 13. Qf2 Rhe8 14. Bb5 Nxd4 15. Bxd7+ Rxd7 16. Rxd4 Qe5 17. Kb1 Qc5 18. Rhd1 b5 19. Qf1 c6 20. b4 Qe5 21. f4 Qe7 22. a4 bxa4 23. Nxa4 Kc7 24. Nc3 Ra8 25. Qc4 Qe6 26. Nb5+ Kb6 27. Nxd6 Qxc4 28. Nxc4+ Kb5 29. Rxd7 Nxd7 30. Rxd7 Kxc4 31. Rxf7 Kc3 32. Rxg7 Rf8 33. f5 Re8 34. Rxh7 Rxe4 35. Rh3+ Kxb4 36. Rf3 Re8 37. f6 Kc5 38. g4 Kd5 39. f7 Rf8 40. g5 Ke6 41. g6 Ke7 42. h4 c5 43. h5 b5 44. h6 1-0